 Dungeon Crawl Stone Soup version 0.23.2-33-g5129a83184 (webtiles) character file.

Game seed: 7196009302590670995

12389 wutend the Grappler (level 11, -5/115 HPs)
             Began as a Troll Berserker on June 27, 2019.
             Was a High Priest of Trog.
             Slain by a ten-headed hydra (15 damage)
             ... on level 1 of the Lair of Beasts on June 28, 2019.
             The game lasted 00:40:21 (8984 turns).

wutend the Grappler (Troll Berserker)               Turns: 8984, Time: 00:40:22

Health: -5/115     AC:  9    Str: 27      XL:     11   Next: 61%
Magic:  20/20      EV: 13    Int:  2      God:    Trog [*****.]
Gold:   639        SH:  0    Dex: 11 (13) Spells: 10/10 levels left

rFire    + . .     SeeInvis +     - Unarmed
rCold    . . .     Gourm    +   (no shield)
rNeg     . . .     Faith    .   B - +0 troll leather armour
rPois    .         Spirit   .   (helmet restricted)
rElec    .         Reflect  .   j - +0 cloak
rCorr    .         Harm     .   (gloves unavailable)
MR       +....                  (boots unavailable)
Stlth    +.........             (no amulet)
HPRegen  1.09/turn              f - ring of Rifoabro {+Inv MR+ MP+9 Int-2 SInv}
MPRegen  0.17/turn              o - ring of protection from fire

@: drained
A: large, unfitting armour, claws 3, agile 1, fast metabolism 3, gourmand, high
mp 1, regeneration 1, shaggy fur 1, tough skin 3, subdued magic 1
a: Berserk, Trog's Hand, Brothers in Arms, Renounce Religion, Evoke Invisibility


You were on level 1 of the Lair of Beasts.
You worshipped Trog.
Trog was extremely pleased with you.
You were very full.

You visited 3 branches of the dungeon, and saw 13 of its levels.
You also visited: Ossuary.

You collected 639 gold pieces.

Inventory:

Hand Weapons
 h - a +0 giant spiked club
Missiles
 A - 4 large rocks (quivered)
Armour
 j - a +0 cloak (worn)
 B - a +0 troll leather armour (worn)
Jewellery
 f - the ring of Rifoabro (left claw) {+Inv MR+ MP+9 Int-2 SInv}
   (You found it on level 8 of the Dungeon)

   [ring of magical power]

   It affects your intelligence (-2).
   It affects your resistance to hostile enchantments.
   It affects your magic capacity (+9).
   It lets you see invisible.
   It lets you turn invisible.
 o - a ring of protection from fire (right claw)
 s - an uncursed amulet of guardian spirit {unknown}
Wands
 d - a wand of flame (59)
 r - a wand of iceblast (9)
 v - a wand of polymorph (8)
 z - a wand of acid (10)
Scrolls
 a - a scroll of blinking
 e - 6 scrolls of teleportation
 i - 3 scrolls of magic mapping
 k - 6 scrolls of immolation
 t - 6 scrolls of remove curse
 y - 2 scrolls of identify
 C - a scroll of brand weapon {unknown}
Potions
 c - 2 potions of haste
 g - 5 potions of brilliance
 l - a potion of agility
 m - 6 potions of curing
 n - 2 potions of mutation
 p - 2 potions of magic
 q - a potion of flight
 u - 2 potions of cancellation
 w - 2 potions of heal wounds
 x - a potion of ambrosia
Comestibles
 b - 24 rations


   Skills:
 * Level 9.6(8.8) Fighting
 + Level 1.1(0.5) Throwing
 + Level 1.0(0.4) Armour
 - Level 9.4(8.6) Dodging
 - Level 11.0(10.3) Unarmed Combat


You had 10 spell levels left.
You didn't know any spells.
Your spell library was empty.

Dungeon Overview and Level Annotations

Branches:
Dungeon (11/15)            Temple (1/1) D:5            Lair (1/6) D:11
    Orc: D:9-12

Altars:
Ashenzari
Cheibriados
Dithmenos
Elyvilon
Fedhas
Gozag
Hepliaklqana
Kikubaaqudgha
Makhleb
Nemelex Xobeh
Okawaru
Qazlal
Ru
Sif Muna
Trog
Uskayaw
Vehumet
Wu Jian
Xom
Yredelemnul
Zin
The Shining One

Shops:
D:6 [


Innate Abilities, Weirdness & Mutations

You are too large for most types of armour.
You have claws for hands.
Your metabolism is lightning-fast.
You like to eat raw meat.
Your natural rate of healing is unusually fast.
You are covered in fur. (AC +1)
You have extremely tough skin. (AC +3)
You are agile. (Dex +2)
You have an increased reservoir of magic. (+10% MP)
Your spells are a little easier to cast, but a little less powerful.


Message History

There is a staircase back to the Dungeon, spattered with blood here.
Found a blackened brass ring.
Found 28 stones.
Evoke which item? (* to show all) (? for menu, Esc to quit)
Aiming: Throw Flame
Press: ? - help, Shift-Dir - straight line, f - ten-headed hydra
Aim: a ten-headed hydra The puff of flame hits the ten-headed hydra.
The ten-headed hydra is lightly wounded.
The ten-headed hydra bites you! x2
* * * LOW HITPOINT WARNING * * *
The ten-headed hydra bites you!
* * * LOW HITPOINT WARNING * * *
The ten-headed hydra bites you but does no damage.
The ten-headed hydra barely misses you.
The ten-headed hydra bites you but does no damage. x2
The ten-headed hydra bites you.
* * * LOW HITPOINT WARNING * * *
The ten-headed hydra bites you!
You die...

#P.. #....#
#..##....# (....#
#..P#....# ......
##...#.#####.....#
#P..#...##.#....=#
#................
#................
#................
#...<...D@$......
#................
#..#P#####P....##
#...### #....#
##.. ....# #..
....# .. ....# ##
...P#


You could see a ten-headed hydra.

Vanquished Creatures
  Nergalle (D:11)
  2 unseen horrors (D:10)
  Pikel (D:4)
  An ugly thing (D:11)
  A gargoyle (D:10)
  A komodo dragon (D:11)
  A troll (D:11)
  A polar bear (D:10)
  2 hippogriffs
  13 yaks
  Sigmund (D:3)
  2 vampires
  A basilisk (D:11)
  2 hungry ghosts
  A steam dragon (D:10)
  Edmund (D:4)
  An acid dragon (D:11)
  Duvessa (D:4)
  2 black bears
  A hornet zombie (D:10)
  5 ogres
  2 orc warriors
  An eye of draining (D:9)
  3 ice beasts
  4 phantoms
  A necrophage (D:11)
  A slave (D:4)
  2 wolves (D:10)
  A centaur (D:10)
  A big kobold (D:6)
  A crocodile (D:10)
  6 bullfrogs
  Dowan (D:4)
  A wyvern skeleton (D:10)
  2 scorpions
  5 killer bees (D:11)
  An electric eel (D:11)
  2 howler monkeys (D:11)
  4 crimson imps
  A bullfrog zombie (D:9)
  3 centaur zombies
  2 quasits (D:11)
  7 orc priests
  2 human zombies (Ossuary)
  7 jellies
  3 hounds
  2 bullfrog skeletons
  A centaur skeleton (D:4)
  3 iguanas
  Terence (D:2)
  Ijyb (D:4)
  14 orc wizards
  5 worker ants
  A big kobold zombie (Ossuary)
  3 mummies (Ossuary)
  3 worker ant zombies
  14 adders
  A shadow imp (D:7)
  6 oozes
  3 adder skeletons
  4 worms
  3 dart slugs
  5 leopard geckos
  34 orcs
  2 ball pythons
  7 bats
  6 giant cockroaches
  2 gnoll zombies
  5 goblins
  6 hobgoblins
  3 jackals (D:1)
  15 kobolds
  7 quokkas
  3 frilled lizards
  A goblin zombie (Ossuary)
  A kobold zombie (Ossuary)
  A leopard gecko skeleton (D:6)
  An orc zombie (Ossuary)
  6 rats
276 creatures vanquished.

Vanquished Creatures (collateral kills)
  A cyclops (D:11)
  A gargoyle (D:11)
  A shadow (D:11)
  A crocodile (D:11)
  A gnoll sergeant (D:11)
  A crimson imp (D:11)
6 creatures vanquished.

Vanquished Creatures (others)
  A slave (D:4)
  An adder (D:4)
  A leopard gecko skeleton (D:5)
  28 plants (D:11)
31 creatures vanquished.

Grand Total: 313 creatures vanquished

Notes
Turn   | Place    | Note
-------+----------+-------------------------------------------
     0 | D:1      | wutend the Troll Berserker began the quest for the Orb.
     0 | D:1      | Reached XP level 1. HP: 22/22 MP: 0/0
   498 | D:1      | Reached XP level 2. HP: 29/29 MP: 1/1
   966 | D:2      | Reached XP level 3. HP: 36/36 MP: 2/2
  1179 | D:2      | Noticed Terence
  1184 | D:2      | Killed Terence
  1184 | D:2      | Reached ** piety under Trog
  1184 | D:2      | Reached XP level 4. HP: 45/45 MP: 3/3
  1335 | D:2      | Reached skill level 4 in Unarmed Combat
  1685 | D:3      | Noticed Sigmund
  1689 | D:3      | Killed Sigmund
  1689 | D:3      | Reached XP level 5. HP: 54/54 MP: 4/4
  1689 | D:3      | Reached XP level 6. HP: 62/62 MP: 5/5
  2332 | D:4      | Reached *** piety under Trog
  2348 | D:4      | Noticed Ijyb
  2351 | D:4      | Found a sand-covered staircase.
  2355 | D:4      | Killed Ijyb
  2367 | Ossuary  | Entered an ossuary
  2404 | Ossuary  | Reached skill level 5 in Unarmed Combat
  2507 | Ossuary  | Reached XP level 7. HP: 69/70 MP: 6/6
  2621 | D:4      | Noticed Pikel
  2633 | D:4      | Killed Pikel
  2633 | D:4      | Reached skill level 5 in Fighting
  2633 | D:4      | Reached skill level 5 in Dodging
  2633 | D:4      | Reached skill level 6 in Unarmed Combat
  2758 | D:4      | Noticed Edmund
  2764 | D:4      | Killed Edmund
  2764 | D:4      | Reached XP level 8. HP: 80/80 MP: 7/7
  2900 | D:4      | Noticed Duvessa
  2902 | D:4      | Noticed Dowan
  2907 | D:4      | Killed Duvessa
  2916 | D:4      | Killed Dowan
  3025 | D:5      | Entered Level 5 of the Dungeon
  3134 | D:5      | Found a staircase to the Ecumenical Temple.
  3155 | D:5      | Reached skill level 7 in Unarmed Combat
  3173 | Temple   | Entered the Ecumenical Temple
  3483 | D:5      | Gained mutation: Your spells are a little easier to cast,
                  | but a little less powerful. [potion of mutation]
  3483 | D:5      | Gained mutation: You have an increased reservoir of magic.
                  | (+10% MP) [potion of mutation]
  3483 | D:5      | Gained mutation: You are agile. (Dex +2) [potion of
                  | mutation]
  3742 | D:6      | Reached **** piety under Trog
  4012 | D:6      | Found Adwemipi's Armour Shop.
  4053 | D:6      | Reached XP level 9. HP: 89/89 MP: 8/8
  4067 | D:6      | Found a shadowy altar of Dithmenos.
  4194 | D:6      | Found a stormy altar of Qazlal.
  4765 | D:7      | Reached skill level 8 in Unarmed Combat
  5202 | D:8      | Got an ancient platinum ring
  5203 | D:8      | Identified the ring of Rifoabro {+Inv MR+ MP+9 Int-2 SInv}
                  | (You found it on level 8 of the Dungeon)
  5302 | D:8      | Found a glowing golden altar of the Shining One.
  5387 | D:8      | Reached ***** piety under Trog
  5919 | D:9      | Reached XP level 10. HP: 102/102 MP: 10/10
  5922 | D:9      | Reached skill level 9 in Unarmed Combat
  6350 | D:9      | Found a deep blue altar of Sif Muna.
  6350 | D:9      | Found a hazy altar of Hepliaklqana.
  6430 | D:10     | Entered Level 10 of the Dungeon
  6455 | D:10     | Noticed a gargoyle
  6461 | D:10     | Killed a gargoyle
  6474 | D:10     | Noticed an unseen horror
  6489 | D:10     | Killed an unseen horror
  6594 | D:10     | Noticed an unseen horror
  6604 | D:10     | Killed an unseen horror
  6620 | D:10     | Received a gift from Trog
  6668 | D:10     | Reached skill level 10 in Unarmed Combat
  6709 | D:10     | Reached XP level 11. HP: 98/113 MP: 11/11
  7384 | D:11     | Noticed a cyan ugly thing
  7392 | D:11     | Killed a cyan ugly thing
  8274 | D:11     | Reached skill level 11 in Unarmed Combat
  8552 | D:11     | Found a staircase to the Lair.
  8622 | D:11     | Noticed Nergalle
  8634 | D:11     | Killed Nergalle
  8634 | D:11     | Reached skill level 1 in Throwing
  8789 | D:11     | Received a gift from Trog
  8789 | D:11     | Reached skill level 1 in Armour
  8877 | Lair:1   | Entered Level 1 of the Lair of Beasts
  8885 | Lair:1   | Noticed a seven-headed hydra
  8984 | Lair:1   | Slain by a ten-headed hydra

Skill      XL: |  1  2  3  4  5  6  7  8  9 10 11 |
---------------+----------------------------------+-----
Fighting       | 3 4 5 6 7 8 9 |  9.6
Dodging        | 3 4 5 6 7 8 9 |  9.4
Unarmed Combat | 4 5 6 7 8 10 11 | 11.0
Throwing       | 1 |  1.1
Armour         | 1 |  1.0

Action                   |  1- 3 |  4- 6 |  7- 9 | 10-12 || total
-------------------------+-------+-------+-------+-------++-------
Melee: Unarmed           |    59 |   167 |   326 |   305 ||   857
       Punch             |     2 |     3 |     8 |    10 ||    23
Throw: Large rock        |       |       |       |     2 ||     2
Invok: Berserk           |       |     1 |     1 |     1 ||     3
       Trog's Hand       |       |       |       |     3 ||     3
       Brothers in Arms  |       |       |       |     1 ||     1
Evoke: Wand              |       |       |       |     1 ||     1
  Use: Scroll            |       |     4 |     6 |     1 ||    11
       Potion            |       |     3 |     6 |       ||     9
 Stab: Sleeping          |       |     1 |     1 |       ||     2
       Distracted        |       |       |     1 |     1 ||     2
  Eat: Chunk             |    16 |    13 |    38 |    37 ||   104
Armor: Animal skin       |    17 |    56 |    84 |    65 ||   222
       Troll leather arm |       |       |       |     9 ||     9
Dodge: Dodged            |    24 |    81 |   188 |   206 ||   499
